 Dungeon Crawl Stone Soup version 0.30.0-15-g856e2d3f33 (webtiles) character file.

Game seed: 4127035353674296560

315 qw the Chopper (level 6, 0/37 HPs)
             Began as a Gargoyle Fighter on May 21, 2023.
             Slain by a gnoll
             ... wielding a +0 halberd
              (8 damage)
             ... on level 4 of the Dungeon.
             The game lasted 00:01:12 (2821 turns).

qw the Chopper (Gargoyle Fighter)                   Turns: 2821, Time: 00:01:12

Health: 0/37       AC: 15    Str: 22    XL:     6   Next: 43%
Magic:  6/6        EV:  8    Int:  8    God:
Gold:   130        SH:  4    Dex:  9    Spells: 5/5 levels left

rFire   . . .        Y - +1 war axe (heavy)
rCold   . . .        c - +0 buckler
rNeg    + . .        g - +0 chain mail
rPois   inf          l - +0 helmet
rElec   +            (no cloak)
rCorr   .            (no gloves)
SInv    .            i - +0 pair of boots
Will    .....        (no amulet) Stlth
                     (no ring)
HPRegen 0.26/turn    (no ring)
MPRegen 0.10/turn

%: no passive effects
@: about to teleport
A: sickness immunity, AC +4, negative energy resistance 1, electricity
resistance, torment resistance 1, petrification resistance
a: no special abilities


You were on level 4 of the Dungeon.
You visited 1 branch of the dungeon, and saw 4 of its levels.

You collected 130 gold pieces.


Innate Abilities, Weirdness & Mutations

You are immune to sickness and miasma.
Your stone body is resilient. (AC +4)
You are immune to poison.
You resist negative energy. (rN+)
You are resistant to electric shocks. (rElec)
You are resistant to unholy torment.
You are immune to petrification.


   Skills:
 + Level 3.6 Fighting
 - Level 5.9 Axes
 - Level 3.2 Armour
 - Level 3.2 Shields


You had 5 spell levels left.
You didn't know any spells.
Your spell library was empty.

Inventory:

Hand Weapons
 n - a +0 flail
 Y - a +1 heavy war axe (weapon)
Armour
 c - a +0 buckler (worn)
 g - a +0 chain mail (worn)
 i - a +0 pair of boots (worn)
 l - a +0 helmet (worn)
Jewellery
 h - a ring of protection from cold
Scrolls
 b - a scroll of fear {unknown}
Potions
 a - a potion of invisibility {unknown}
 d - a potion of might
 e - a potion of mutation {unknown}
 f - a potion of curing
 j - a potion of flight {unknown}
 k - a potion of degeneration {unknown}
 m - a potion of magic {unknown}
 p - a potion of lignification

Dungeon Overview and Level Annotations

Branches:
Dungeon (4/15)
 Temple: D:4-7

Altars:
Gozag

Annotations:
D:2 1 runed translucent door, Crazy Yiuf


Message History

You see here a +0 mace.
You feel a little less clever now.
A gnoll comes into view. It is wielding a +0 club.
The gnoll shouts!
A gnoll comes into view.
It is wielding a +1 halberd of flaming. 2 gnolls come into view.
The gnoll shouts! x2
You slash the gnoll!
The gnoll is almost dead.
The gnoll completely misses you. The gnoll closely misses you.
You hit the gnoll.
The gnoll is almost dead.
The gnoll barely misses you. You block the gnoll's attack.
The gnoll hits you but does no damage.
The gnoll hits you from afar with a +0 halberd.
The gnoll hits you from afar with a +1 halberd of flaming.
The gnoll burns you. The gnoll closely misses you.
You barely miss the gnoll.
The gnoll is almost dead.
You hit the gnoll. The gnoll hits you but does no damage.
The gnoll closely misses you. The gnoll barely misses you.
The gnoll hits you from afar with a +0 halberd!
The gnoll hits you with a +0 club. The gnoll barely misses you.
The gnoll hits you but does no damage.
The gnoll hits you from afar with a +1 halberd of flaming.
The gnoll burns you.
You closely miss the gnoll.
The gnoll is almost dead.
You slice the gnoll!!
You kill the gnoll!
The gnoll barely misses you. The gnoll completely misses you.
The gnoll hits you but does no damage.
The gnoll hits you from afar with a +0 halberd.
The gnoll hits you but does no damage. The gnoll barely misses you.
2821 ||| READING scroll of teleportation.
As you read the scroll of teleportation, it crumbles to dust.
You feel strangely unstable.
The gnoll hits you from afar with a +0 halberd!
You die...

###...... ####........
##....<......
##[...:.....##
#...##.....## .##
###...#......#
....#####.......)....#
.......g.............#
.....g.@....>...###..#
.....g.).......## #..#
.########.....## .##
###.### # ###


You could see 3 gnolls.

Vanquished Creatures
  Sigmund (D:3)
  Jessica (D:2)
  Robin (D:2)
  A gnoll (D:4)
  4 adders (D:2)
  A worm (D:2)
  A dart slug (D:1)
  6 orcs (D:3)
  2 endoplasms
  A giant cockroach (D:2)
  13 goblins
  6 hobgoblins
  4 jackals (D:1)
  3 quokkas
  4 ball pythons
  5 bats
  2 frilled lizards
  2 kobolds (D:1)
  2 rats
60 creatures vanquished.

Notes
Turn   | Place    | Note
-------+----------+-------------------------------------------
     0 | D:1      | qw the Gargoyle Fighter began the quest for the Orb.
     0 | D:1      | Reached XP level 1. HP: 14/14 MP: 1/1
     0 | D:1      | 0 ||| qw: Version: 0.2-a-98-g270134b
     0 | D:1      | 0 ||| qw: Game counter: 6
     0 | D:1      | 0 ||| qw: Always use a shield: true
     0 | D:1      | 0 ||| qw: God list: Okawaru
     0 | D:1      | 0 ||| qw: Allow faded altars: false
     0 | D:1      | 0 ||| qw: Do Orc after D:15 true
     0 | D:1      | 0 ||| qw: Do second Lair branch before Depths: true
     0 | D:1      | 0 ||| qw: Lair rune preference: random
     0 | D:1      | 0 ||| qw: Plans: Normal, Zot:1-4, God:TSO, Crypt, Tomb,
                  | Pan, Slime:5, Hells, Abyss, Win
     0 | D:1      | 0 ||| PLANNING D:1-11
    31 | D:1      | Reached skill level 2 in Axes
   144 | D:1      | 144 ||| Stepping ~*~*~tactically~*~*~ (stealth).
   150 | D:1      | Reached XP level 2. HP: 19/19 MP: 2/2
   177 | D:1      | 177 ||| Stepping ~*~*~tactically~*~*~ (stealth).
   273 | D:1      | 273 ||| DROPPING +1 hand axe of electrocution.
   293 | D:1      | 293 ||| Stepping ~*~*~tactically~*~*~ (hiding).
   676 | D:1      | 676 ||| UPGRADING to +0 chain mail.
   686 | D:1      | 686 ||| DROPPING +0 scale mail.
   687 | D:1      | 687 ||| UPGRADING to +0 pair of boots.
   692 | D:1      | 692 ||| DROPPING ring of wizardry.
   693 | D:1      | 693 ||| READING scroll labelled YCEPRI EMMIHE.
   727 | D:2      | Reached skill level 3 in Axes
   727 | D:2      | Reached XP level 3. HP: 23/23 MP: 3/3
   873 | D:2      | 873 ||| READING scroll labelled GUBICL NOXOMAD.
   910 | D:2      | 910 ||| DROPPING +0 club.
   917 | D:2      | 917 ||| Stepping ~*~*~tactically~*~*~ (stealth).
   963 | D:2      | 963 ||| Stepping ~*~*~tactically~*~*~ (stealth).
   974 | D:2      | Reached XP level 4. HP: 21/28 MP: 4/4
  1045 | D:2      | Noticed Jessica
  1051 | D:2      | Reached skill level 4 in Axes
  1055 | D:2      | Killed Jessica
  1136 | D:2      | Noticed Robin
  1151 | D:2      | Killed Robin
  1152 | D:2      | Reached XP level 5. HP: 18/32 MP: 5/5
  1339 | D:2      | Found a runed translucent door.
  1340 | D:2      | Noticed Crazy Yiuf
  1747 | D:2      | 1747 ||| UPGRADING to +0 helmet.
  1752 | D:2      | 1752 ||| READING scroll labelled INGACR HAMU.
  1753 | D:2      | 1753 ||| READING scroll labelled ALUMNY BAHISUE.
  1754 | D:2      | 1754 ||| DRINKING 2 murky inky potions.
  2191 | D:3      | 2191 ||| Stepping ~*~*~tactically~*~*~ (stealth).
  2220 | D:3      | Found an opulent altar of Gozag.
  2223 | D:3      | Noticed Sigmund
  2228 | D:3      | Killed Sigmund
  2229 | D:3      | Reached skill level 5 in Axes
  2229 | D:3      | Reached XP level 6. HP: 30/37 MP: 6/6
  2307 | D:3      | 2307 ||| DROPPING amulet of magic regeneration.
  2308 | D:3      | 2308 ||| READING scroll labelled JUR FOARORCH.
  2309 | D:3      | 2309 ||| DRINKING 2 glowing orange potions.
  2431 | D:3      | 2431 ||| Stepping ~*~*~tactically~*~*~ (stealth).
  2462 | D:3      | 2462 ||| DROPPING +0 whip.
  2761 | D:3      | 2761 ||| READING scroll labelled EKIUGENKUSCH.
  2762 | D:3      | 2762 ||| DRINKING 2 fizzy sapphire potions.
  2763 | D:3      | 2763 ||| DROPPING potion of brilliance.
  2820 | D:4      | HP: 8/37 [gnoll/+0 halberd (3)]
  2821 | D:4      | 2821 ||| READING scroll of teleportation.
  2821 | D:4      | Slain by a gnoll

Levels and vault maps discovered:
D:1:      scummos_arrival_forest, layout_basic, serial_glass, glass_columns_b,
          glass_columns_a, glass_columns_a, glass_columns_a, interstate_on_off
D:2:      layout_basic, reono_crystal_passage, st_stairs_1,
          dreamdust_princess_bridge, uniq_robin, uniq_crazy_yiuf_cottage,
          uniq_jessica
D:3:      layout_basic, nicolae_gozag_seed_capital, serial_co_window_serial,
          co_window_paths_b, co_window_of_opportunity_a, co_window_paths_a,
          co_window_of_opportunity_a, co_window_paths_a, co_window_cross_3,
          co_window_unsneaky_path_c, co_window_of_opportunity_c,
          co_window_2corner, co_window_paths_d, co_window_4corner_a,
          glass_columns_c, glass_columns_b, uniq_sigmund
D:4:      layout_layer_cave, overflow_temple_1_default

Skill      XL: |  1  2  3  4  5 |
---------------+----------------+-----
Axes           | 2 3 4 5 |  5.9
Fighting       | |  3.6
Armour         | |  3.2
Shields        | |  3.2

Action                     |  1- 3 |  4- 6 || total
---------------------------+-------+-------++-------
  Melee: War axe           |    72 |    56 ||   128
    Use: Scroll            |     2 |     5 ||     7
         Potion            |       |     3 ||     3
 Armour: Scale mail        |    25 |       ||    25
         Chain mail        |    23 |    33 ||    56
  Dodge: Dodged            |    33 |    32 ||    65
  Block: Buckler           |    14 |    13 ||    27

Table legend:
 A = Non-vault XP
 B = Vault XP
 C = Vault XP percentage of total XP
 D = Non-vault monster count
 E = Vault monster count
 F = Vault count percentage of total count
                 A         B        C        D         E       F
            +---------+---------+-------+---------+---------+-------
      Total |     131 |     319 |  70.9 |      44 |      16 |  26.7
            +---------+---------+-------+---------+---------+-------
        D:1 |      29 |       0 |   0.0 |      17 |       0 |   0.0
        D:2 |      55 |      88 |  61.5 |      11 |      15 |  57.7
        D:3 |      30 |     231 |  88.5 |      14 |       1 |   6.7
        D:4 |      17 |       0 |   0.0 |       2 |       0 |   0.0
            +---------+---------+-------+---------+---------+-------
